Cogmind - Beta 13 @@@ ROGUE MODE // 2024.05.01 @ 13:55:50 Player: A Foxgirl OwO Result: Core destroyed Performance ------------- Evolutions (3) 1500 Regions Visited (6) 1200 Robots Destroyed (50) 250 Value Destroyed (2119) 2119 Prototype IDs (31) 620 Alien Tech Used (0) 0 Bonus (300) 300 TOTAL SCORE: 5989 Bonus ------- Aligned with FarCom 300 Cogmind --------- Core Integrity 0/700 Matter 139/300 Energy 242/290 System Corruption 2% Temperature Critical (734) Movement Core (1150) Ox22 Location -7/Factory Parts ------- > --- POWER (1) -------- Improved Deuterium Engine > --- PROPULSION (4) --- Armored Treads Medium Treads > --- UTILITY (4) ------ High-capacity Storage Unit Advanced Targeting Computer Advanced Targeting Computer Improved Medium Armor Plating > --- WEAPON (4) ------- Particle Gun Minigun XL Autogun Subcomponent XL Autogun Subcomponent > --- INVENTORY (20) --- Nuclear Core Medium Storage Unit Large Storage Unit Signal Interpreter Particle Charger Hardened Medium Armor Plating Improved Medium Armor Plating Insulated Plating Long-range Tractor Beam Improved Field Recycling Unit (0) Advanced Beam Rifle Assault Rifle XL Autogun Subcomponent XL Autogun Subcomponent Proton Missile Launcher Missile Launcher Heavy Rocket Launcher Hammer Peak State ------------ > --- POWER ------------ Nuclear Core > --- PROPULSION ------- Wheel Wheel Wheel > --- UTILITY ---------- High-capacity Storage Unit Advanced Targeting Computer Advanced Targeting Computer Improved Weapon Shielding > --- WEAPON ----------- XL Autogun Array > --- INVENTORY -------- Nuclear Core Armored Treads Medium Storage Unit Large Storage Unit Signal Interpreter Active Sensor Suite Particle Charger Hardened Medium Armor Plating Insulated Plating Pulse Rifle Advanced Beam Rifle Advanced Beam Rifle Minigun Proton Missile Launcher Missile Launcher Heavy Rocket Launcher Hammer [Rating: 59] Favorites ----------- Power Ion Engine Engine Ion Engine Power Core Nuclear Core Propulsion Light Treads Treads Light Treads Wheel Wheel Utility Advanced Targeting Computer Device Heat Sink Storage High-capacity Storage Unit Processor Advanced Targeting Computer Protection Improved Medium Armor Plating Weapon XL Autogun Subcomponent Energy Gun Particle Gun Ballistic Gun XL Autogun Subcomponent Launcher Grenade Launcher Build | -11 -10 -10 -10 -9 -8 -7 ------- Run | Yrd Mat Min Exi Min Mat Fac Slots Evolved 6 | . . . . . 4 2 Power . | . . . . . . . Propulsion 2 | . . . . . 1 1 Utility 2 | . . . . . 1 1 Weapon 2 | . . . . . 2 . Parts Attached 45 | 6 11 . . 1 14 13 Power 6 | 1 2 . . . 2 1 Engine 4 | 1 2 . . . . 1 Core 2 | . . . . . 2 . Reactor . | . . . . . . . Propulsion 11 | 2 2 . . . 5 2 Treads 6 | 2 2 . . . . 2 Leg . | . . . . . . . Wheel 5 | . . . . . 5 . Hover . | . . . . . . . Flight . | . . . . . . . Utility 14 | 1 4 . . . 6 3 Device 2 | . 2 . . . . . Storage 4 | 1 2 . . . 1 . Processor 4 | . . . . . 2 2 Hackware . | . . . . . . . Protection 4 | . . . . . 3 1 Artifact . | . . . . . . . Weapon 14 | 2 3 . . 1 1 7 Energy Gun 6 | 1 2 . . . . 3 Energy Cannon . | . . . . . . . Ballistic Gun 7 | 1 1 . . . 1 4 Ballistic Cannon . | . . . . . . . Launcher 1 | . . . . 1 . . Special Weapon . | . . . . . . . Impact Weapon . | . . . . . . . Slashing Weapon . | . . . . . . . Piercing Weapon . | . . . . . . . Special Melee Weapon . | . . . . . . . Unidentified Prototypes 2 | . . . . . . 2 Parts Lost 4 | . 1 . . . 1 2 Power . | . . . . . . . Propulsion 2 | . . . . . 1 1 Utility 1 | . . . . . . 1 Weapon 1 | . 1 . . . . . Highest Loss Streak 2 | . 1 . . . 1 2 To Critical Strikes . | . . . . . . . Average Slot Usage (%) 86 | . 98 100 100 100 68 81 Engine 7 | . 14 14 14 14 1 2 Core 3 | . . . . . 7 4 Treads 17 | . 27 28 28 28 5 12 Wheel 5 | . . . . . 18 3 Device 6 | . 12 14 14 14 4 . Storage 10 | . 15 14 14 14 9 7 Processor 7 | . . . . . 8 18 Protection 2 | . . . . . 4 3 Energy Gun 7 | . 13 14 14 2 . 6 Ballistic Gun 15 | . 14 14 14 14 9 20 Naked Turns . | . . . . . . . Heaviest Build 70 | 11 31 31 31 31 70 69 Greatest Support 48 | 40 40 40 40 40 40 48 Greatest Overweight (x) 22 | 3 . . . . 3 22 Average Overweight (x) . | . . . . . 1 1 Largest Inventory Capacity 20 | 8 15 15 15 15 20 20 Average Capacity 16 | 7 12 15 15 15 18 20 Most Carried 20 | 6 15 14 15 15 20 20 Average Carried 15 | 3 10 14 14 15 17 18 Final Capacity 20 | 8 15 15 15 15 20 20 Final Carried 20 | 6 14 14 15 15 20 18 Class Distribution -------------------- 45% | Mutant 32% | Gunner 21% | Skirmisher Dominant Class ---------------- Mutant | -10/Materials Mutant | -10/Mines Mutant | -10/Exiles Mutant | -9/Mines Skirmisher | -8/Materials Gunner | -7/Factory Resources | -11 -10 -10 -10 -9 -8 -7 ----------- Run | Yrd Mat Min Exi Min Mat Fac Matter Collected 1717 | 200 266 15 . 28 523 685 Remotely . | . . . . . . . Salvage Created 2237 | . 445 . . 9 732 1051 Parts 129 | . 25 . . 4 42 58 Haulers Intercepted . | . . . . . . . Recyclers Shooed 1 | . 1 . . . . . Parts Field Recycled . | . . . . . . . Retrieved Matter . | . . . . . . . Parts Self-Destructed . | . . . . . . . Prevented . | . . . . . . . Kills | -11 -10 -10 -10 -9 -8 -7 ------- Run | Yrd Mat Min Exi Min Mat Fac Combat Hostiles Destroyed 41 | . 10 . . 1 13 17 Guns 40 | . 10 . . . 13 17 AOE 1 | . . . . 1 . . Classes Destroyed 13 | . 3 . . 2 5 3 Worker 2 | . . . . . 2 . Tunneler 1 | . . . . 1 . . Recycler 1 | . . . . . . 1 Operator 3 | . 1 . . . 1 1 Watcher 2 | . 1 . . . . 1 Grunt 24 | . 10 . . . 7 7 Brawler 1 | . . . . . . 1 Duelist 3 | . . . . . 1 2 Sentry 4 | . . . . . 2 2 Demolisher 1 | . . . . 1 . . Hunter 3 | . . . . . 2 1 Programmer 4 | . . . . . . 4 Heavy 1 | . . . . . 1 . Best Kill Streak 6 | . 2 . . 2 4 6 Combat Bots Only 5 | . 2 . . 1 4 5 Max Kills in Single Turn 2 | . 1 . . 2 2 1 Gunslinging . | . . . . . . . Exploded 1 | . . . . 1 . . Melee . | . . . . . . . Uniques/NPCs Destroyed . | . . . . . . . Combat | -11 -10 -10 -10 -9 -8 -7 -------- Run | Yrd Mat Min Exi Min Mat Fac Hostile Shots Fired 177 | . 45 . . 2 51 79 Missed 47 | . 11 . . . 11 25 Damage Taken 2395 | . 443 . . 71 530 1351 Core 813 | . 34 . . . 69 710 Absorbed by Shields 4 | . . . . . . 4 Redirected to Shielding 103 | . . . . . 43 60 Regen/Repaired (Parts) 236 | . 236 . . . . . Core Remaining (%) 91 | 100 . . . 86 87 . Volleys Fired 138 | . 52 . . 2 30 54 Largest 4 | . 2 . . 1 1 4 Hottest 130 | . 85 . . 30 60 130 Shots Fired 289 | . 98 . . 2 30 159 Gun 287 | . 98 . . . 30 159 Cannon . | . . . . . . . Launcher 2 | . . . . 2 . . Special . | . . . . . . . Kinetic 210 | . 52 . . . 30 128 Thermal 77 | . 46 . . . . 31 Explosive 2 | . . . . 2 . . Electromagnetic . | . . . . . . . Robot Hit Streak 12 | . 8 . . 3 12 12 Robot Miss Streak 5 | . 3 . . . 5 3 Penetration Max . | . . . . . . . Secondary Targets 3 | . . . . . . 3 Max Gunslinging Chain 1 | . . . . . . 1 Shots Hit Robots 197 | . 58 . . 2 29 108 Core Hits 104 | . 28 . . 3 27 46 Critical Kills . | . . . . . . . Critical Parts Destroyed 1 | . . . . . . 1 Critical Strikes 4 | . 2 . . . . 2 Burn 3 | . 2 . . . . 1 Destroy 1 | . . . . . . 1 Melee Attacks . | . . . . . . . Impact . | . . . . . . . Slashing . | . . . . . . . Piercing . | . . . . . . . Sneak Attacks . | . . . . . . . Combat Hostiles . | . . . . . . . Follow-up Attacks . | . . . . . . . Damage Inflicted 4991 | . 693 . . 81 1715 2502 Guns 4892 | . 675 . . . 1715 2502 Cannons . | . . . . . . . Explosions 81 | . . . . 81 . . Melee . | . . . . . . . Ramming 18 | . 18 . . . . . Kinetic 4348 | . 351 . . . 1715 2282 Thermal 544 | . 324 . . . . 220 Explosive 81 | . . . . 81 . . Electromagnetic . | . . . . . . . Impact . | . . . . . . . Slashing . | . . . . . . . Piercing . | . . . . . . . Highest Corruption 2 | . . . . . . 2 Average Corruption 1 | . . . . . . 1 Corruption Purged . | . . . . . . . Corruption Blocked . | . . . . . . . Effects 11 | . . . . . . 11 Message Errors 1 | . . . . . . 1 Matter Fused 2 | . . . . . . 2 Heat Flow Errors 1 | . . . . . . 1 Energy Discharges 2 | . . . . . . 2 Data Loss (minor) 3 | . . . . . . 3 Data Loss (major) 2 | . . . . . . 2 Overload Shots . | . . . . . . . Overflow Damage 2 | . . . . 2 . . Projectiles . | . . . . . . . Explosions 2 | . . . . 2 . . Melee . | . . . . . . . Knockbacks . | . . . . . . . Impact . | . . . . . . . Kinetic . | . . . . . . . Secondary . | . . . . . . . Self-Inflicted Damage . | . . . . . . . Shots . | . . . . . . . Rammed 3 | . 3 . . . . . Targets Rammed 3 | . 3 . . . . . Kicked . | . . . . . . . Crushed . | . . . . . . . Highest Temperature 1021 | . 154 . . . 303 1021 Average Temperature 182 | . 38 . . . 93 264 Received Heat Transfer 594 | . 309 . . . 63 222 Effects 37 | . . . . . . 37 Shutdowns 4 | . . . . . . 4 Energy Bleed 2 | . . . . . . 2 Interference 6 | . . . . . . 6 Matter Decay 3 | . . . . . . 3 Short Circuit 3 | . . . . . . 3 Damage (minor) 2 | . . . . . . 2 Damage (major) 11 | . . . . . . 11 Damage (core) 6 | . . . . . . 6 Siege Activations . | . . . . . . . Robots Corrupted . | . . . . . . . Combat Hostiles . | . . . . . . . Parts Fried . | . . . . . . . Impact Corruptions . | . . . . . . . Robots Melted . | . . . . . . . Combat Hostiles . | . . . . . . . Parts Melted 3 | . 2 . . . . 1 Heat Transferred 1654 | . 1062 . . . . 592 Parts Sabotaged . | . . . . . . . Parts Stolen . | . . . . . . . Parts Stripped . | . . . . . . . Power Chain Reactions . | . . . . . . . Alert | -11 -10 -10 -10 -9 -8 -7 ------- Run | Yrd Mat Min Exi Min Mat Fac Peak Influence 285 | . 171 7 . 39 227 285 Initial 102 | . . 7 . . . 102 Average 69 | . 43 4 . 16 45 132 Maximum Alert Level 1 | . . . . . 1 1 Low Security (%) 89 | 100 100 100 . 100 94 74 Level 1 10 | . . . . . 5 25 Level 2 . | . . . . . . . Level 3 . | . . . . . . . Level 4 . | . . . . . . . Level 5 . | . . . . . . . High Security . | . . . . . . . Max Security . | . . . . . . . Squads Dispatched 12 | . 2 . . . 4 6 Investigation 1 | . . . . . 1 . Extermination 4 | . . . . . . 4 Reinforcement 6 | . 2 . . . 3 1 Assault . | . . . . . . . Garrison 1 | . . . . . . 1 Intercept . | . . . . . . . Searches Triggered . | . . . . . . . Construction Impeded . | . . . . . . . Haulers Reinforced . | . . . . . . . Active Scanning Responses . | . . . . . . . Cargo Convoy Interrupts 1 | . . . . . . 1 Stealth | -11 -10 -10 -10 -9 -8 -7 --------- Run | Yrd Mat Min Exi Min Mat Fac Distress Signals 3 | . 1 . . . 1 1 Communications Jammed . | . . . . . . . Distress Signals . | . . . . . . . Times Spotted 68 | . 24 . . 1 22 21 Peak Tracking Total 7 | . 3 . . 1 7 6 Tactical Retreats 1 | . . . . . 1 . Traps | -11 -10 -10 -10 -9 -8 -7 ------- Run | Yrd Mat Min Exi Min Mat Fac Traps Triggered 2 | . . . . . 1 1 Indirectly . | . . . . . . . Trap Hack Attempts . | . . . . . . . Triggered . | . . . . . . . Disarmed . | . . . . . . . Reprogrammed . | . . . . . . . Reused . | . . . . . . . Traps Extracted . | . . . . . . . Installed . | . . . . . . . Triggered 2 | . . . . . . 2 Machines | -11 -10 -10 -10 -9 -8 -7 ---------- Run | Yrd Mat Min Exi Min Mat Fac Machines Disabled 5 | . . . . . . 5 Max in Single Turn 4 | . . . . . . 4 Garrison Access 1 | . . . . . . 1 Machines Repaired . | . . . . . . . Machines Dismantled . | . . . . . . . Machines Sabotaged . | . . . . . . . Overloaded Fab Kills . | . . . . . . . Hacking | -11 -10 -10 -10 -9 -8 -7 --------- Run | Yrd Mat Min Exi Min Mat Fac Machines Accessed 22 | . 8 . 1 . 6 7 Terminals 14 | . 6 . . . 6 2 Fabricators 1 | . . . . . . 1 Repair Stations 2 | . 1 . . . . 1 Recycling Units 2 | . 1 . . . . 1 Scanalyzers 1 | . . . . . . 1 Garrison Access 1 | . . . . . . 1 Total Hacks 63 | . 22 . 1 . 21 19 Successful 32 | . 10 . 1 . 13 8 Failed 31 | . 12 . . . 8 11 Catastrophic 8 | . 4 . . . 2 2 Database Lockouts . | . . . . . . . Manual 20 | . 8 . 1 . 11 . Terminals 40 | . 16 . . . 21 3 Fabricators 3 | . . . . . . 3 Repair Stations 9 | . 5 . . . . 4 Recycling Units 4 | . 1 . . . . 3 Scanalyzers 4 | . . . . . . 4 Garrison Access 2 | . . . . . . 2 Terminal Hacks 20 | . 5 . 1 . 13 1 Record 1 | . 1 . . . . . Prototype ID Bank 2 | . 2 . . . . . Open DSF 1 | . . . . . . 1 Branch Access Points 2 | . 1 . . . 1 . Emergency Access Points 1 | . . . . . 1 . Alert Level 2 | . . . . . 2 . Locate Traps 3 | . 1 . . . 2 . Transport Status 1 | . . . . . 1 . Assault Status 1 | . . . . . 1 . Recall Investigation 1 | . . . . . 1 . Recall Reinforcements 1 | . . . . . 1 . Hauler Manifests 1 | . . . . . 1 . Registered Components 1 | . . . . . 1 . Zone Layout 1 | . . . . . 1 . Derelict Proto ID Bank 1 | . . . 1 . . . Fabricator Hacks 2 | . . . . . . 2 Network Status 1 | . . . . . . 1 Build 1 | . . . . . . 1 Repair Station Hacks 5 | . 4 . . . . 1 Scan Component 3 | . 2 . . . . 1 Repair 2 | . 2 . . . . . Recycling Unit Hacks 2 | . 1 . . . . 1 Report Inventory 1 | . 1 . . . . . Retrieve Matter 1 | . . . . . . 1 Scanalyzer 2 | . . . . . . 2 Insert Component 2 | . . . . . . 2 Garrison Access Hacks 1 | . . . . . . 1 Seal Access 1 | . . . . . . 1 Unauthorized Hacks . | . . . . . . . Terminals . | . . . . . . . Fabricators . | . . . . . . . Repair Stations . | . . . . . . . Recycling Units . | . . . . . . . Scanalyzers . | . . . . . . . Garrison Access . | . . . . . . . Data Cores Recovered 2 | . . . . . 1 1 Used 1 | . . . . . 1 . Hacking Detections 17 | . 6 . . . 6 5 Full Trace Events . | . . . . . . . Feedback Events . | . . . . . . . Feedback Blocked . | . . . . . . . Robot Schematics Acquired . | . . . . . . . Robots Built . | . . . . . . . Authchips . | . . . . . . . Time . | . . . . . . . Total Robot Build Rating . | . . . . . . . Part Schematics Acquired . | . . . . . . . Parts Built 2 | . . . . . . 2 Authchips . | . . . . . . . Time 84 | . . . . . . 84 Total Part Build Rating 8 | . . . . . . 8 Parts Repaired 2 | . 2 . . . . . Time 52 | . 52 . . . . . Parts Recycled . | . . . . . . . Recycled Matter . | . . . . . . . Retrieved Matter . | . . . . . . . Retrieved Components . | . . . . . . . Parts Scanalyzed . | . . . . . . . Part Schematics Acquired . | . . . . . . . Parts Damaged . | . . . . . . . Bothacking | -11 -10 -10 -10 -9 -8 -7 ------------ Run | Yrd Mat Min Exi Min Mat Fac Used RIF Installer . | . . . . . . . Robots Hacked . | . . . . . . . Non-combat . | . . . . . . . Combat . | . . . . . . . Robot Hacks Applied . | . . . . . . . Relay Couplers Released 3 | . . . . . . 3 Programmers 3 | . . . . . . 3 Fabnet Peak Effective % . | . . . . . . . Robots Rewired . | . . . . . . . Allies Hacked . | . . . . . . . Hacks Repelled . | . . . . . . . Allies | -11 -10 -10 -10 -9 -8 -7 -------- Run | Yrd Mat Min Exi Min Mat Fac Total Allies 2 | . . . . 2 . . Largest Group 2 | . . . . 2 2 . Highest-Rated Group 41 | . . . . 41 41 . Highest-Rated Ally 31 | . . . . 31 31 . Total Orders . | . . . . . . . Ally Attacks 4 | . . . . . 4 . Total Damage 63 | . . . . . 63 . Kills . | . . . . . . . Allies Corrupted . | . . . . . . . Allies Melted . | . . . . . . . Intel | -11 -10 -10 -10 -9 -8 -7 ------- Run | Yrd Mat Min Exi Min Mat Fac Robot Analysis Total . | . . . . . . . Derelict Logs Recovered 1 | . . 1 . . . . Drone Launches . | . . . . . . . Drone Recoveries . | . . . . . . . Exploration | -11 -10 -10 -10 -9 -8 -7 ------------- Run | Yrd Mat Min Exi Min Mat Fac Turns Passed 6920 | 75 1706 562 350 443 1509 2275 Spaces Moved 3063 | 41 840 342 218 258 540 824 Core 14 | 13 . . . . . 1 Treads 2456 | 28 840 342 218 258 162 608 Legs . | . . . . . . . Wheels 593 | . . . . . 378 215 Hover . | . . . . . . . Flight . | . . . . . . . Fastest Speed 50 | 50 160 160 160 160 101 110 Average Speed 170 | 149 160 160 160 160 145 211 Slowest Speed 1150 | 200 160 160 160 160 240 1150 Overloaded Moves . | . . . . . . . Propulsion Burnouts . | . . . . . . . Robots Hopped . | . . . . . . . Cave-ins Triggered . | . . . . . . . Exploration Rate (%) 51 | 4 96 77 60 50 54 22 Regions Visited 6 Branch Regions 3 Pre-discovered Areas . | . . . . . . . Known Exits Taken 1 | . 1 . . . . . Unknown Exits Taken 5 | 1 . 1 1 1 1 . Scrap Searched 4 | . . 3 . 1 . . Spaces Dug . | . . . . . . . Terrain Destroyed 80 | . . . . 17 23 40 Melee . | . . . . . . . Projectile 24 | . . . . . 23 1 AOE 56 | . . . . 17 . 39 Terrain Rammed . | . . . . . . . Walls Destroyed . | . . . . . . . Machines Disabled . | . . . . . . . Actions | -11 -10 -10 -10 -9 -8 -7 --------- Run | Yrd Mat Min Exi Min Mat Fac Total 4612 | 52 1108 357 221 286 1272 1316 Wait 1278 | . 182 16 . 26 650 404 Move 3057 | 40 839 341 217 257 539 824 Hop . | . . . . . . . Pick Up 46 | 6 12 . 1 . 21 6 Fast Attach 17 | 6 3 . . . 2 6 Attach 12 | . 2 . . . 5 5 Detach . | . . . . . . . Swap 16 | . 6 . . 1 7 2 Drop 37 | . 9 . 3 . 18 7 Fire 138 | . 52 . . 2 30 54 Melee . | . . . . . . . Ram . | . . . . . . . Kick . | . . . . . . . Crush 3 | . 3 . . . . . Escape Stasis 8 | . . . . . . 8 Rewire . | . . . . . . . Trap . | . . . . . . . Miscellaneous . | . . . . . . . Route ------- -11/Scrapyard -10/Materials (discovered 4 exits: *Mat x3 / *Min) -10/Mines (discovered 3 exits: *Mat x2 / *Exi) -10/Exiles -9/Mines -8/Materials (discovered 4 exits: *Fac x2 / *Sto x2) -7/Factory History --------- Turn | Location | Event 16 | -11/Scrapyard | Discovered new exit (range 16) 76 | -11/Scrapyard | Entered Materials 108 | -10/Materials | Discovered new exit (range 8) 153 | -10/Materials | Discovered new exit (range 16) 301 | -10/Materials | Build established: Mutant 708 | -10/Materials | Discovered new exit (range 12) 923 | -10/Materials | Repaired Lgt. Treads 950 | -10/Materials | Repaired Lgt. Treads 1214 | -10/Materials | Discovered new exit (range 13) 1422 | -10/Materials | Identified exit to Mines 1782 | -10/Materials | Entered Mines 1936 | -10/Mines | A weapon hastily lodged in a ceiling crevice suddenly fell to the ground 2088 | -10/Mines | Identified exit to Materials 2214 | -10/Mines | Discovered exit to Materials (range 12) 2338 | -10/Mines | Deemed a non-threat by the Exiles lab entrance 2338 | -10/Mines | Discovered new exit (range 5) 2344 | -10/Mines | Entered Exiles 2384 | -10/Exiles | Met 8R-AWN 2412 | -10/Exiles | Met EX-HEX 2455 | -10/Exiles | Met EX-BIN 2477 | -10/Exiles | Aligned with FarCom system 2479 | -10/Exiles | Given EX-Vault access code 2519 | -10/Exiles | Opened EX-Vault 2533 | -10/Exiles | Found XL Autogun Array 2568 | -10/Exiles | Warned to stay clear of 0b10 Research branches 2586 | -10/Exiles | Exiles lab attacked by MAIN.C 2673 | -10/Exiles | Discovered new exit (range 14) 2694 | -10/Exiles | Left Exiles lab with XL Autogun Array 2694 | -10/Exiles | Entered Mines 2767 | -9/Mines | Assembled infested the area 3113 | -9/Mines | Discovered new exit (range 16) 3115 | -9/Mines | Found a hidden stash of uninstalled traps 3137 | -9/Mines | Entered Materials 3137 | -8/Materials | Accompanied by 2 allies 3137 | -8/Materials | Evolved 4 slots: Propulsion x1, Utility x1, Weapon x2 3142 | -8/Materials | Led the pair of lost Derelicts to an unsafe place 3432 | -8/Materials | Identified exit to Storage 3443 | -8/Materials | Build established: Skirmisher 3599 | -8/Materials | Discovered new exit (range 15) 4502 | -8/Materials | Found Prototype Device 4630 | -8/Materials | Discovered new exit (range 16) 4646 | -8/Materials | Entered Factory 4646 | -7/Factory | Evolved 2 slots: Propulsion x1, Utility x1 4764 | -7/Factory | Fabricated Gatling Laser (x2) 4979 | -7/Factory | Build established: Gunner 6470 | -7/Factory | Cargo convoy interrupted 6497 | -7/Factory | Identified Active Sensor Suite 6885 | -7/Factory | Garrison activated, responded to threat 6899 | -7/Factory | Core integrity fell below 50% 6918 | -7/Factory | Core integrity fell below 20% 6922 | -7/Factory | Core destroyed Last Messages --------------- Power failure, Imp. Deuterium Engine shutdown. R-06 Scavenger suffers critical hit (Burn). Com. Wheel melted. R-06 Scavenger destroyed. Overheating: Matter decay (-14). Overheating: System interference. Adv. Targeting Computer temporarily disabled. Acquired 72 matter. Arm. Treads broken. Overheating: Short circuit. Overheating: System interference. Minigun temporarily disabled. Overheating: System interference. Particle Gun temporarily disabled. Overheating: Core damaged (-84). Overheating: Energy bleed (-63). K-01 Serf collects debris. ALERT: Rogue bot located, Programmers report to Factory Zone 8B. Overheating: Core damaged (-98). Map ----- +----------------------------------------------------+ | ?????????????????????????????????????????????????? | | ?????????????????????????????????????????????????? | | ?????????????????????????????????????????????????? | | ?????????????????????????????????????????????????? | | ?????????????????????????????????????????????????? | | ?????????????????????????????????????????????????? | | ?????????????????????????????????????????????????? | | ?????????????????????????????????????????????????? | | ?????????????????????????????????????????????????? | | ?????????????????ggg?????????????????????????????? | | ?????########????????????????????????????????????? | | ?????# #????????????????????????????????????? | | ?????# #????????????????????????????????????? | | ?????# ! #????????????????????????????????????? | | ?????# #????????????????????????????????????? | | ?????#= #????????????????????????????????????? | | ?????# ############# ???????????????????????? | | ?????# # ????????????????????????? | | ?????# # ?????????????????????????? | | ?????# # ???????????????????????????? | | ?????# # #???????#########????????????? | | ?????# # #?????? #????????????? | | ?????# # k####### #????????????? | | ????######+## *% !*%* / #????????????? | | ????# ! !% ! !! % #????????????? | | ????# % *@ = ; " ?????????? | | ????+ a# ??????????? | | ????# a #????????????? | | ????# ####### #????????????? | | ##### """ """ #?????? #????????????? | | ## """ """ #???????###+#####????????????? | | "" ## """ """ #?????????? ???????????????? | | "" ## #??????????? ??????????????? | | "" ## """ """ #????????????" #?????????????? | | # """ """ #####??????????????#?????????????? | | "" # """ """ #????????????????????????????????? | | "" + #????????????????????????????????? | | "" # """ """ #????????????????????????????????? | | # """ """ #????????????????????????????????? | | "" # """ """ #????????????????????????????????? | | "" # #????????????????????????????????? | | "" + #????????????????????????????????? | | ######## #????????????????????????????????? | | ####??????? +????????????????????????????????? | | ??????????? ?????????????????????????????????? | | ??????????? #????????????????????????????????? | | ??????????? #????????????????????????????????? | | ??????????? ?????????????????????????????????? | | ??????????? ???????????????????????????????????? | | ??????????? ????????????????????????????????????? | +----------------------------------------------------+ Best States ------------- Heat Dissipation 41 Energy Generation 16 Energy Capacity 290 Matter Stores 300 Matter Capacity 300 Sight Range 16 Terrain Scan Density 10 Armor Coverage 225 Resistance: EM 15 Weapon Shielding 66 Evasion (%) 40 Targeting Accuracy 16 Melee Accuracy 6 Recoil Reduction 2 Item Schematics ----------------- None Robot Schematics ------------------ None Fabricated ------------ Gatling Laser | x2 | -7/Factory | Preloaded Alien Tech Used ----------------- None Achievements -------------- None Challenges ------------ None Game ------ Seed LightningBottomlessRouter Manual? 0 Play Time 00:50:36 Cumulative 18.5 hours Start 2024.05.01 @ 13:01:53 End 2024.05.01 @ 13:55:50 Sessions 1 Manual Loads 0 Difficulty Rogue Special Mode None Game No. 42 Rogue 42 Adventurer 0 Explorer 0 Win Type - Total 0 Types 0/0/0/0/0/0/0/0/0 Lore% 16 Gallery% 17 Achievement% 16 Wizard Run 0 Options --------- Layout 1 ASCII 0 Keyboard 0 Movement Mouse Keybinds 0 Fullscreen 0 Font 42/SmallcapsGlow Map View 59x39 Zoom Use 0% Tactical HUD 0 Map Filters NONE Filters NONE Steam 1 RUN: 67af806c-4fa1-4546-936b-5dd67975ebea